 Dungeon Crawl Stone Soup version 0.20.2-3-g29329e0561 (webtiles) character file.

1885 Alfie the Carver (level 8, -3/71 HPs)
             Began as a Minotaur Fighter on Sept 29, 2020.
             Slain by RedRedRas's ghost (23 damage)
             ... on level 9 of the Dungeon.
             The game lasted 00:13:43 (4217 turns).

Alfie the Carver (Minotaur Fighter)                 Turns: 4217, Time: 00:13:44

Health: -3/71      AC:  9    Str: 23    XL:     8   Next: 92%
Magic:  7/7        EV: 10    Int:  5    God:
Gold:   363        SH: 11    Dex: 15    Spells: 5/7 levels left

rFire    . . .     SeeInvis .   a - +2 long sword
rCold    . . .     Gourm    .   c - +0 shield
rNeg     . . .     Faith    .   b - +0 scale mail
rPois    .         Spirit   .   (helmet restricted)
rElec    .         Reflect  .   m - scarf {repulsion}
rCorr    .         Harm     .   (no gloves)
MR       .....                  w - +0 pair of boots
Stlth    ..........             h - amulet of regeneration
Regen    0.7/turn               r - +5 ring of dexterity
MPRegen  0.1/turn               (no ring)

@: repel missiles
A: retaliatory headbutt, horns 2
a: no special abilities


You were on level 9 of the Dungeon.
You were not hungry.

You visited 1 branch of the dungeon, and saw 8 of its levels.

You collected 402 gold pieces.
You spent 39 gold pieces at shops.

Inventory:

Hand Weapons
 a - a +2 long sword (weapon)
Missiles
 d - 3 tomahawks (quivered)
Armour
 b - a +0 scale mail (worn)
 c - a +0 shield (worn)
 m - a scarf of repulsion (worn)
 w - a +0 pair of boots (worn)
Jewellery
 h - an amulet of regeneration (around neck)
 n - an uncursed amulet of faith {unknown}
 r - a +5 ring of dexterity (left hand)
 K - a cursed ring of teleportation {unknown}
Wands
 y - a wand of flame (17/48)
 z - a wand of iceblast (7/15)
 B - a wand of iceblast (5/15)
 J - a wand of flame (25/48)
Scrolls
 q - a scroll of recharging
 s - 4 scrolls of teleportation
 t - a scroll of remove curse
 x - a scroll of blinking
 H - 2 scrolls of identify
Potions
 e - 2 potions of magic {unknown}
 g - 4 potions of ambrosia {unknown}
 i - a potion of agility {unknown}
 j - 2 potions of brilliance {unknown}
 l - a potion of heal wounds {unknown}
 o - a potion of flight {unknown}
 u - 2 potions of curing
 v - a potion of degeneration {unknown}
 A - a potion of berserk rage {unknown}
 F - a potion of haste {unknown}
 G - a potion of lignification {unknown}
 I - a potion of mutation {unknown}
Books
 k - a book of Minor Magic

   Spells                             Type                      Level
   a - Magic Dart                     Conjuration                  1
   b - Blink                          Translocation                2
   c - Call Imp                       Summoning                    2
   d - Slow                           Hexes                        2
   e - Conjure Flame                  Conjuration/Fire             3
   f - Mephitic Cloud                 Conjuration/Poison/Air       3
 C - a book of Flames

   Spells                             Type                      Level
   a - Flame Tongue                   Conjuration/Fire             1
   b - Throw Flame                    Conjuration/Fire             2
   c - Conjure Flame                  Conjuration/Fire             3
   d - Inner Flame                    Hexes/Fire                   3
   e - Sticky Flame                   Conjuration/Fire             4
   f - Fireball                       Conjuration/Fire             5
Comestibles
 f - 3 bread rations
 p - 4 meat rations
 D - a fruit
 E - 2 royal jellies


   Skills:
 + Level 6.4 Fighting
 + Level 8.3 Long Blades
 + Level 7.8 Armour
 + Level 3.1 Dodging
 + Level 0.1 Stealth
 + Level 7.2 Shields


You had 5 spell levels left.
You knew the following spells:

 Your Spells              Type           Power        Failure   Level  Hunger
a - Magic Dart            Conj           #...         97%         1    ##.....
b - Flame Tongue          Conj/Fire      #....        97%         1    ##.....


Dungeon Overview and Level Annotations

Branches:
Dungeon (7/15)             Temple (0/1) D:4

Altars:
Cheibriados
Dithmenos
Fedhas
Makhleb
Nemelex Xobeh
Okawaru
Ru
Uskayaw

Shops:
D:4 *

Annotations:
D:9 RedRedRas's ghost, novice TrAM


Innate Abilities, Weirdness & Mutations

You reflexively headbutt those who attack you in melee.
You have a pair of horns on your head.


Message History

The shaft crumbles and collapses.
RedRedRas's ghost (novice Troll Arcane Marksman) comes into view.
RedRedRas's ghost turns its malevolent gaze towards you.
Found 18 gold pieces.
Found a stone staircase leading down.
RedRedRas's ghost is nearby!
You hit RedRedRas's ghost. Your headbutt misses RedRedRas's ghost.
RedRedRas's ghost is lightly damaged.
RedRedRas's ghost hits you!!
A crocodile comes into view.
You closely miss RedRedRas's ghost. Your headbutt misses RedRedRas's ghost.
RedRedRas's ghost is lightly damaged.
You block RedRedRas's ghost's attack.
You closely miss RedRedRas's ghost. Your headbutt misses RedRedRas's ghost.
RedRedRas's ghost is lightly damaged.
RedRedRas's ghost hits you!!
* * * LOW HITPOINT WARNING * * *
You hit RedRedRas's ghost but do no damage.
RedRedRas's ghost is lightly damaged.
RedRedRas's ghost hits you!!
You die...

### .. ##.#
##...## ####
###.....##.....
#.....W..>.#
#....@# ##.$.##
##t# ... ###


You could see a crocodile and RedRedRas's ghost.

Vanquished Creatures
  A hippogriff (D:7)
  Sigmund (D:6)
  A sky beast (D:7)
  2 orc warriors
  2 ice beasts (D:6)
  A phantom (D:5)
  2 centaurs
  Blork the orc (D:5)
  A gnoll sergeant (D:6)
  A scorpion (D:6)
  A wyvern skeleton (D:6)
  A crimson imp (D:6)
  4 orc priests (D:6)
  A hound (D:4)
  2 iguanas
  A jelly (D:6)
  3 orc wizards
  A worker ant (D:6)
  A hound skeleton (D:3)
  A worker ant zombie (D:6)
  Robin (D:2)
  3 gnolls (D:6)
  9 adders
  An ooze (D:5)
  An adder skeleton (D:4)
  A worm (D:2)
  2 dart slugs
  4 leopard geckos
  14 orcs
  A ball python (D:1)
  4 giant cockroaches
  11 goblins
  9 hobgoblins
  12 jackals
  13 kobolds
  3 quokkas
  A ball python skeleton (D:5)
  5 bats
  7 frilled lizards
  A quokka zombie (D:5)
  5 rats
137 creatures vanquished.

Notes
Turn   | Place    | Note
-------+----------+-------------------------------------------
     0 | D:1      | Alfie the Minotaur Fighter began the quest for the Orb.
     0 | D:1      | Reached XP level 1. HP: 19/19 MP: 0/0
   329 | D:1      | Reached XP level 2. HP: 27/27 MP: 1/1
   929 | D:2      | Learned a level 1 spell: Magic Dart
   952 | D:2      | Noticed Robin
   954 | D:2      | Reached XP level 3. HP: 33/33 MP: 2/2
   969 | D:2      | Killed Robin
  1022 | D:2      | Reached skill level 3 in Long Blades
  1117 | D:2      | Reached XP level 4. HP: 37/40 MP: 3/3
  1179 | D:2      | Found a burning altar of Makhleb.
  1181 | D:2      | Found a sacrificial altar of Ru.
  1206 | D:2      | Found a blossoming altar of Fedhas.
  1386 | D:2      | Found a shadowy altar of Dithmenos.
  1859 | D:3      | Reached skill level 4 in Long Blades
  1929 | D:3      | Found a sparkling altar of Nemelex Xobeh.
  1979 | D:3      | Reached skill level 5 in Armour
  2032 | D:3      | Reached XP level 5. HP: 45/46 MP: 4/4
  2211 | D:4      | Found a staircase to the Ecumenical Temple.
  2309 | D:4      | Found Tyruw's General Store.
  2314 | D:4      | Bought a potion of curing for 39 gold pieces
  2364 | D:4      | Reached skill level 1 in Dodging
  2519 | D:4      | Found an iron altar of Okawaru.
  2570 | D:4      | Found a hide-covered altar of Uskayaw.
  2663 | D:4      | Noticed a phantom
  2729 | D:5      | Entered Level 5 of the Dungeon
  2741 | D:5      | Noticed a centaur
  2755 | D:5      | Killed a centaur
  2755 | D:5      | Reached skill level 5 in Shields
  2755 | D:5      | Reached XP level 6. HP: 43/53 MP: 5/5
  2774 | D:5      | Noticed Blork the orc
  2784 | D:5      | Killed Blork the orc
  2784 | D:5      | Reached skill level 5 in Long Blades
  3004 | D:5      | Learned a level 1 spell: Flame Tongue
  3020 | D:5      | Reached XP level 7. HP: 60/60 MP: 6/6
  3340 | D:6      | Reached skill level 5 in Fighting
  3433 | D:6      | Reached skill level 6 in Long Blades
  3546 | D:6      | Noticed Sigmund
  3564 | D:6      | Killed Sigmund
  3564 | D:6      | Reached skill level 7 in Long Blades
  3584 | D:6      | Reached XP level 8. HP: 47/68 MP: 7/7
  3814 | D:6      | Found a snail-covered altar of Cheibriados.
  3994 | D:7      | Noticed a hippogriff
  4002 | D:7      | Killed a hippogriff
  4042 | D:7      | Reached skill level 8 in Long Blades
  4213 | D:7      | You fall through a shaft for 2 floors!
  4213 | D:9      | Noticed RedRedRas's ghost (novice TrAM)
  4217 | D:9      | Slain by RedRedRas's ghost

Skill      XL: |  1  2  3  4  5  6  7  8 |
---------------+-------------------------+-----
Armour         | 4 5 6 7 |  7.8
Fighting       | 4 5 6 |  6.4
Long Blades    | 3 4 5 7 8 |  8.3
Shields        | 4 5 6 7 |  7.2
Dodging        | 1 2 3 |  3.1
Stealth        | |  0.1

Action                   |  1- 3 |  4- 6 |  7- 9 || total
-------------------------+-------+-------+-------++-------
Melee: Long sword        |    94 |   180 |   158 ||   432
       Headbutt          |    12 |    28 |    39 ||    79
  Use: Scroll            |     5 |     5 |     6 ||    16
       Potion            |       |       |     1 ||     1
  Eat: Bread ration      |       |     1 |       ||     1
       Chunk             |       |     1 |       ||     1
       Royal jelly       |       |     1 |       ||     1
       Meat ration       |       |       |     1 ||     1
Armor: Scale mail        |    55 |    88 |    50 ||   193
Dodge: Dodged            |    28 |    47 |    47 ||   122
       Deflected         |       |     2 |     5 ||     7
Block: Shield            |    47 |   101 |    92 ||   240
       Rpst.: Long sword |    10 |    12 |    14 ||    36
